 Dungeon Sprint DCSS version 0.25.1-8-g42b30a86e7 (webtiles) character file.

Game seed: 17687835138041958004

128 Cadaver the Digger (level 5, -2/33 HPs)
             Began as an Octopode Earth Elementalist on Dec 21, 2020.
             Was a Priest of Sif Muna.
             Slain by a sky beast (6 damage)
             ... in the Dungeon (Sprint VII: "The Pits").
             The game lasted 00:03:24 (1060 turns).

Cadaver the Digger (Octopode Earth Elementalist)    Turns: 1060, Time: 00:03:24

Health: -2/33      AC:  8    Str:  7    XL:     5   Next: 12%
Magic:  5/11       EV: 14    Int: 19    God:    Sif Muna [***...]
Gold:   0          SH:  0    Dex: 12    Spells: 9/13 levels left

rFire    . . .     SeeInvis .   p - +0 quarterstaff (protect)
rCold    . . .     Gourm    .   (shield currently unavailable)
rNeg     . . .     Faith    .   (helmet restricted)
rPois    .         Spirit   .   (no amulet)
rElec    .         Reflect  .   (no ring)
rCorr    .         Harm     .   (no ring)
MR       .....     NoTele   +   (no ring)
Stlth    ++++......             (no ring)
HPRegen  0.11/turn              (no ring)
MPRegen  0.12/turn              (no ring)
                                (no ring)
                                (no ring)

@: lethally poisoned (-2 -> -3), protection aura
A: almost no armour, stealthy swim, amphibious, 8 rings, constrict 8, camouflage
1, gelatinous body 1
a: Channel Magic, Forget Spell, Renounce Religion


You were in the Dungeon.
You worshipped Sif Muna.
Sif Muna was most pleased with you.
You were not hungry.

You visited 1 branch

Inventory:

Hand Weapons
 a - a +2 quarterstaff
 p - a +0 quarterstaff of protection (weapon)
 q - a +2 long sword of holy wrath
Missiles
 b - 28 stones (quivered)
Scrolls
 i - a scroll of blinking
 k - 3 scrolls of remove curse
 l - 5 scrolls of amnesia
 m - a scroll of summoning
 o - 2 scrolls of vulnerability
Potions
 d - 6 potions of curing
 e - 6 potions of heal wounds
 f - a potion of haste
 g - 4 potions of magic
 h - 2 potions of berserk rage
 j - 2 potions of invisibility
Comestibles
 c - 9 rations
 n - 2 chunks of flesh


   Skills:
 + Level 1.1 Fighting
 + Level 1.7 Staves
 + Level 3.6 Dodging
 + Level 5.0 Stealth
 * Level 4.6 Spellcasting
 * Level 0.3 Conjurations
   Level 1.0 Transmutations
 * Level 7.4 Earth Magic


You had 9 spell levels left.
You knew the following spells:

 Your Spells              Type           Power        Failure   Level  Hunger
a - Sandblast             Erth           ####..       1%          1    None
b - Stone Arrow           Conj/Erth      ###...       8%          3    ###....

Your spell library contained the following spells:

 Spells                   Type           Power        Failure   Level  Hunger
 Passwall                 Tmut/Erth      ###.....     3%          2    #......
 Lee's Rapid Deconstruct  Erth           ####......   17%         5    ######.
 Petrify                  Tmut/Erth      ###.....     22%         4    ####...


Dungeon Overview and Level Annotations

Branches:
Dungeon (1/1)

Altars:
Ashenzari
Cheibriados
Dithmenos
Elyvilon
Fedhas
Gozag
Hepliaklqana
Kikubaaqudgha
Makhleb
Nemelex Xobeh
Okawaru
Qazlal
Ru
Sif Muna
Trog
Uskayaw
Vehumet
Wu Jian
Xom
Yredelemnul
Zin
The Shining One
Beogh
Jiyva
Lugonu


Innate Abilities, Weirdness & Mutations

You cannot wear most types of armour.
You are very stealthy in the water. (Stealth+)
You are amphibious.
You can wear up to eight rings at the same time.
You can use your tentacles to constrict eight enemies at once.
Your skin changes colour to match your surroundings (Stealth+).
Your rubbery body absorbs attacks. (AC +1, EV +1)


Message History

You hit something.
A sky beast appears from thin air!
Reactivating autopickup.
The sky beast closely misses you.
You barely miss the sky beast. Your squeeze misses the sky beast.
The sky beast is heavily wounded.
You feel sick. The sky beast misses you.
You hit the sky beast.
The sky beast is severely wounded.
The sky beast barely misses you.
You hit the sky beast.
The sky beast is severely wounded.
The sky beast hits you. The sky beast shocks you. The sky beast hits you.
The sky beast shocks you.
* * * LOW HITPOINT WARNING * * *
You barely miss the sky beast.
The sky beast is severely wounded.
You feel sick. The sky beast hits you.
* * * LOW HITPOINT WARNING * * *
The sky beast shocks you.
You die...

#...|')))'.##.....
##########.##.....
#.÷†....)...'.....
#'#####)#####.....
#.#...#.#[[##.....
#.#...#.#).#####'#
#.#...÷.#))##.....
#.##'####).##.....
#@#.....#..##.....
#Y#.....#'###...<.
#.#........##.....
#.#........##.....
#'###########.....
#....h.r# ######
#.###...# #.# .#
#.#


You could see a sky beast.

Vanquished Creatures
  A scorpion (D)
  A hound (D)
  A worker ant (D)
  An adder (D)
  An ufetubus (D)
  An adder zombie (D)
  A giant cockroach (D)
  2 goblins (D)
  A kobold (D)
  A quokka (D)
  A bat (D)
12 creatures vanquished.

Notes
Turn   | Place    | Note
-------+----------+-------------------------------------------
     0 | D        | Cadaver the Octopode Earth Elementalist began the quest for
                  | the Orb.
     0 | D        | Reached XP level 1. HP: 11/11 MP: 3/3
    52 | D        | Found a bloodstained altar of Trog.
    52 | D        | Found a shimmering blue altar of Sif Muna.
    52 | D        | Found a viscous altar of Jiyva.
    52 | D        | Found a hazy altar of Hepliaklqana.
    52 | D        | Found an opulent altar of Gozag.
    53 | D        | Found a glowing golden altar of the Shining One.
    53 | D        | Found a glowing silver altar of Zin.
    53 | D        | Found a basalt altar of Yredelemnul.
    53 | D        | Found a shimmering altar of Xom.
    53 | D        | Found an ornate altar of the Wu Jian Council.
    53 | D        | Found a sacrificial altar of Ru.
    53 | D        | Found a stormy altar of Qazlal.
    53 | D        | Found an iron altar of Okawaru.
    53 | D        | Found a sparkling altar of Nemelex Xobeh.
    53 | D        | Found a burning altar of Makhleb.
    53 | D        | Found a blossoming altar of Fedhas.
    53 | D        | Found a white marble altar of Elyvilon.
    53 | D        | Found a shadowy altar of Dithmenos.
    53 | D        | Found a snail-covered altar of Cheibriados.
    54 | D        | Found a radiant altar of Vehumet.
    54 | D        | Found a corrupted altar of Lugonu.
    54 | D        | Found a roughly hewn altar of Beogh.
    55 | D        | Found an ancient bone altar of Kikubaaqudgha.
    55 | D        | Found a hide-covered altar of Uskayaw.
    55 | D        | Found a shattered altar of Ashenzari.
    56 | D        | Became a worshipper of Sif Muna the Loreminder
   208 | D        | Reached skill level 4 in Earth Magic
   373 | D        | Reached * piety under Sif Muna
   373 | D        | Reached XP level 2. HP: 6/17 MP: 1/5
   681 | D        | Reached skill level 5 in Earth Magic
   681 | D        | Reached XP level 3. HP: 14/21 MP: 5/7
   683 | D        | Reached ** piety under Sif Muna
   745 | D        | Learned a level 3 spell: Stone Arrow
   944 | D        | Noticed a sky beast
   986 | D        | Reached skill level 1 in Staves
   986 | D        | Reached skill level 6 in Earth Magic
   986 | D        | Reached XP level 4. HP: 25/27 MP: 4/9
  1039 | D        | Reached skill level 1 in Fighting
  1039 | D        | Reached skill level 5 in Stealth
  1039 | D        | Reached skill level 7 in Earth Magic
  1039 | D        | Reached XP level 5. HP: 33/33 MP: 6/11
  1050 | D        | Reached *** piety under Sif Muna
  1060 | D        | Slain by a sky beast

Illustrated notes

Levels and vault maps discovered:
D:        pitsprint [storerooms_1, entrance_room_1, metal_vault_8, armoury_2,
          mini_pit_1, grid_room_1, main_hall_1, silver_pit, the_coven_3,
          the_vestibule_1, steel_vault_3, golden_pit, hallway_of_sentries,
          crystal_vault_4, iron_vault_1, final_vault]

Skill      XL: |  1  2  3  4 |
---------------+-------------+-----
Stealth        | 3 4 5 |  5.0
Earth Magic    | 4 5 6 7 |  7.4
Spellcasting   | 3 4 |  4.6
Dodging        | 3 |  3.6
Staves         | 1 |  1.7
Fighting       | 1 |  1.1
Conjurations   | |  0.3
Transmutations | |  1.0

Action                   |  1- 3 |  4- 6 || total
-------------------------+-------+-------++-------
Melee: Unarmed           |     5 |       ||     5
       Quarterstaff      |     8 |     9 ||    17
       Constrict         |     2 |       ||     2
       Tentacles         |     1 |     1 ||     2
 Cast: Sandblast         |     7 |     8 ||    15
  Use: Potion            |     1 |       ||     1
Armor: Skin              |     1 |     4 ||     5
Dodge: Dodged            |    20 |     7 ||    27
